 Dungeon Crawl Stone Soup version 0.13-a0-2584-g2e76cfd (webtiles) character file.

129 BorisCarlOrff the Firebug (level 3, 0/27 HPs)
             Began as a Djinni Fire Elementalist on July 31, 2013.
             Killed from afar by Sigmund (2 damage)
             ... with a magic dart
             ... on Level 3 of the Dungeon.
             The game lasted 00:10:05 (1911 turns).

BorisCarlOrff the Firebug (DjFE)                    Turns: 1911, Time: 00:10:05

HP   0/27        AC  3     Str  8      XL: 3   Next: 51%
MP   0/0         EV 12     Int 16      God:
Gold 80          SH  0     Dex 13      Spells:  2 memorised,  2 levels left

Res.Fire  : + + +   See Invis. : .   (no weapon)
Res.Cold  : x . .   Warding    : .   h - +1 robe {MR+}
Life Prot.: + + +   Conserve   : .   (no shield)
Res.Poison: .       Res.Corr.  : .   (no helmet)
Res.Elec. : .       Clarity    : .   (no cloak)
Sust.Abil.: . .     Spirit.Shd : .   (no gloves)
Res.Mut.  : .       Stasis     : .   (boots unavailable)
Res.Rott. : .       Flight     : .   (no amulet)
Saprovore : . . .                    (no ring)
                                     (no ring)

@: very slightly contaminated, somewhat resistant to hostile enchantments,
unstealthy
A: no striking features
a: no special abilities


You were on level 3 of the Dungeon.
You were not hungry.

You visited 1 branch of the dungeon, and saw 3 of its levels.

You collected 60 gold pieces.

Inventory:

Armour
 h - a +1 robe of magic resistance (worn)
Scrolls
 a - a scroll of noise {unknown}
 j - 2 scrolls of enchant weapon II
 l - a scroll of amnesia
 m - a scroll of enchant armour {unknown}
 q - 2 scrolls of identify
 r - a scroll of magic mapping {unknown}
 s - a scroll of fog {unknown}
 u - a scroll of remove curse {unknown}
Jewellery
 p - an uncursed ring of protection from fire
Potions
 c - 2 potions of paralysis {unknown}
 d - 2 potions of restore abilities
 e - 2 potions of curing {unknown}
 f - a potion of heal wounds {unknown}
 g - a potion of mutation {unknown}
 i - a potion of might {unknown}
 k - a potion of confusion {unknown}
 n - a potion of speed {unknown}
 o - a potion of brilliance {unknown}
 t - a potion of invisibility {unknown}
 v - a potion of agility {unknown}
Books
 b - a book of Flames

   Spells                             Type                      Level
   *Flame Tongue                      Conjuration/Fire             1
   *Throw Flame                       Conjuration/Fire             2
   Conjure Flame                      Conjuration/Fire             3
   Inner Flame                        Hexes/Fire                   3
   Sticky Flame                       Conjuration/Fire             4
   Fireball                           Conjuration/Fire             5


   Skills:
 + Level 2.2 Dodging
 + Level 1.6 Stealth
 + Level 1.8 Spellcasting
 + Level 1.5 Conjurations
 * Level 5.1 Fire Magic


You had 2 spell levels left.
You knew the following spells:

 Your Spells              Type           Power        Failure   Level  Hunger
a - Flame Tongue          Conj/Fire      ##...        8%          1    ##.....
b - Throw Flame           Conj/Fire      ##....       10%         2    ###....


Dungeon Overview and Level Annotations

Branches:
Dungeon (3/27)

Altars:
Ashenzari

Annotations
D:3 Sigmund


Message History

Casting: Throw Flame
Confirm with . or Enter, or press ? or * to list all spells.
Aiming: Throw Flame
Press: ? - help, Shift-Dir - straight line, f/p - Sigmund
Aim: Sigmund, wielding a scythe and wearing a robe (moderately wounded)
The puff of flame hits Sigmund.
Sigmund is heavily wounded.
Sigmund points at you and mumbles some strange words.
The magic dart hits you!
* * * LOW HITPOINT WARNING * * *
Casting: Throw Flame
Confirm with . or Enter, or press ? or * to list all spells.
Aiming: Throw Flame
Press: ? - help, Shift-Dir - straight line, f/p - Sigmund
Aim: Sigmund, wielding a scythe and wearing a robe (heavily wounded)
The puff of flame hits Sigmund.
Sigmund is heavily wounded.
Sigmund gestures at you while chanting. The magic dart hits you!
You die...

.... #...#. #...#.#
#...#.# #@#.#.#.#
###.#.#.#.#
...#.#.#.# #.#.#.#.#
#.@...#.#
#####..#..#.#
..........#.#
#####.#.#.#.#
.....#...###########
###.....#............
#..........####.###
......#.).....##.# #
..............##.# #


You could see Sigmund.

Vanquished Creatures
  An adder (D:2)
  A giant gecko (D:1)
  2 oozes
  An orc (D:3)
  7 bats
  4 goblins
  4 hobgoblins
  6 kobolds
  2 ball pythons (D:1)
  A giant cockroach (D:3)
  2 giant newts (D:1)
  A quokka (D:2)
  4 rats
36 creatures vanquished.

Vanquished Creatures (others)
  A goblin (D:1)
1 creature vanquished.

Grand Total: 37 creatures vanquished

Notes
Turn   | Place    | Note
--------------------------------------------------------------
     0 | D:1      | BorisCarlOrff, the Djinni Fire Elementalist, began the quest for the Orb.
     0 | D:1      | Reached XP level 1. HP: 14/14 MP: 0/0
   182 | D:1      | Reached XP level 2. EP: 6/21
   186 | D:1      | Learned a level 2 spell: Throw Flame
  1096 | D:2      | Reached XP level 3. EP: 16/27
  1466 | D:2      | Found a shattered altar of Ashenzari.
  1481 | D:2      | Reached skill level 5 in Fire Magic
  1908 | D:3      | Noticed Sigmund
  1911 | D:3      | Killed from afar by Sigmund

Action                   || total
-------------------------++-------
Melee: Spear             ||     2
       Unarmed           ||     1
 Cast: Flame Tongue      ||    26
       Throw Flame       ||    37
  Use: Scroll            ||     6
